 Dungeon Crawl Stone Soup version 0.15.2 (webtiles) character file.

7640 Psiweapon the Covert (level 11, -3/64 HPs)
             Began as a Kobold Enchanter on Oct 24, 2014.
             Was a Priest of Elyvilon.
             Slain by a four-headed hydra (6 damage)
             ... on Level 1 of the Lair of Beasts on Oct 25, 2014.
             The game lasted 01:57:42 (14212 turns).

Psiweapon the Covert (Kobold Enchanter)            Turns: 14212, Time: 01:57:42

HP  -3/64        AC 12     Str  7      XL: 11   Next: 41%
MP  15/24        EV 14     Int 16      God: Elyvilon [***...]
Gold 591         SH  0     Dex 17      Spells:  5 memorised,  8 levels left

rFire  . . .     SeeInvis +     a - +1 short sword (freeze)
rCold  . . .     Clarity  .     u - +1 leather armour "Pogefikk" {MR+ SInv}
rNeg   + . .     rCorr    .     (no shield)
rPois  .         rRot     .     (no helmet)
rElec  .         Spirit   .     V - +2 cloak
SustAb .         Warding  .     P - +0 pair of gloves
rMut   .         Stasis   .     (no boots)
Gourm  .                        (no amulet)
MR     +....                    F - +4 ring of protection
                                j - ring of positive energy

@: very slightly contaminated, somewhat resistant to hostile enchantments, quite
stealthy
A: carnivore 3
a: Lesser Healing, Lesser Self-Healing, Divine Protection, Purification, Greater
Healing, Greater Self-Healing, Renounce Religion


You were on level 1 of the Lair of Beasts.
You worshipped Elyvilon.
Elyvilon was most pleased with you.
You were not hungry.

You visited 3 branches of the dungeon, and saw 12 of its levels.

You collected 649 gold pieces.
You spent 58 gold pieces at shops.

Inventory:

Hand weapons
 a - a +1 short sword of freezing (weapon)
 b - a +0 arbalest
 x - a +0 long sword
 X - a +0 dagger of speed
Missiles
 p - 97 bolts
 C - 56 poisoned needles
 Z - 13 tomahawks (quivered)
Armour
 u - the +1 leather armour "Pogefikk" (worn) {MR+ SInv}
   (You found it on level 10 of the Dungeon)

   It affects your resistance to hostile enchantments.
   It enhances your eyesight.
 P - a +0 pair of gloves (worn)
 V - a +2 cloak (worn)
Magical devices
 q - a wand of cold (0)
 t - a wand of flame (5)
 K - a wand of frost (12)
 Y - a wand of polymorph (8)
Comestibles
 d - 5 meat rations
 f - 11 slices of pizza
 W - 3 beef jerkies
Scrolls
 c - a scroll of enchant armour {unknown}
 e - 4 scrolls of immolation
 n - a scroll of holy word {unknown}
 r - a scroll of fog
 s - 5 scrolls of remove curse
 w - a scroll of recharging
 z - 5 scrolls of identify
 G - 2 scrolls of amnesia {unknown}
 H - 2 scrolls of teleportation
 J - a scroll of noise {unknown}
 N - 2 scrolls of magic mapping
Jewellery
 j - a ring of positive energy (left hand)
 o - an uncursed amulet of stasis
 F - a +4 ring of protection (right hand)
Potions
 g - a potion of beneficial mutation {unknown}
 h - 2 potions of restore abilities {unknown}
 i - 3 potions of magic {unknown}
 k - a potion of cure mutation {unknown}
 l - a potion of cancellation
 A - 3 potions of might
 B - a potion of heal wounds {unknown}
 D - 5 potions of agility {unknown}
 E - a potion of mutation {unknown}
 I - 6 potions of curing
 L - a potion of poison {unknown}
 M - a potion of berserk rage {unknown}
 Q - 2 potions of invisibility {unknown}
 S - 2 potions of haste {unknown}
 T - 2 potions of lignification {unknown}
 U - a potion of brilliance
Rods
 m - a +1 rod of ignition (12/12)
   (You found it on level 5 of the Dungeon)


   Skills:
 - Level 6.2 Fighting
 - Level 10.1 Short Blades
 - Level 5.0 Dodging
 - Level 10.8 Stealth
 - Level 5.4 Spellcasting
 - Level 5.3 Hexes
 + Level 2.2 Ice Magic
 + Level 9.3 Invocations


You had 8 spell levels left.
You knew the following spells:

 Your Spells              Type           Power        Failure   Level  Hunger
a - Corona                Hex            ###....      1%          1    None
b - Ensorcelled Hibernat  Hex/Ice        ###...       6%          2    #......
c - Confuse               Hex            ###.....     6%          3    ###....
d - Dazzling Spray        Conj/Hex       ##......     14%         3    ###....
e - Ozocubu's Armour      Chrm/Ice       #.......     34%         3    ###....


Dungeon Overview and Level Annotations

Branches:
Dungeon (10/15)            Temple (1/1) D:7             Orc (0/4) D:10
   Lair (1/8) D:10

Altars:
Ashenzari
Dithmenos
Elyvilon
Fedhas
Kikubaaqudgha
Makhleb
Nemelex Xobeh
Okawaru
Qazlal
Sif Muna
Trog
Vehumet
Xom
Yredelemnul
Zin
The Shining One
Lugonu

Shops:
D:7 %   D:9 *

Annotations:
D:2 exclusion: 2 worms
D:3 exclusions: orc priest and orc wizard


Innate Abilities, Weirdness & Mutations

You are small and have problems with some larger weapons.
You are carnivorous and can eat meat at any time.


Message History

Found 7 gold pieces.
Your divine protection fades away.
The four-headed hydra bites you but does no damage.
The four-headed hydra barely misses you.
The four-headed hydra misses you.
The four-headed hydra closely misses you.
Read which item? (? for menu, Esc to quit)
Okay, then.
Press: ? - help, v - describe, . - travel
Here: a four-headed hydra (heavily wounded)
The floor.
Use which ability? (? or * to list)
Press: ? - help, Dir - move target cursor, f/p - four-headed hydra Heal: a four-headed hydra (heavily wounded)
The light of Elyvilon fails to reach the four-headed hydra.
You feel somewhat more hungry. The four-headed hydra bites you!
* * * LOW HITPOINT WARNING * * *
The four-headed hydra bites you but does no damage.
The four-headed hydra bites you.
You die...

#.......# ##.......## #.......#
#P.......##### # ##.......##
##...)....#P.##
###.........#######.........P.P..
.%...............................
.................................
.................................
.................................
...............D@.%..............
.................................
...........................######
##.......#####..##.#)......# #
#.......# ######........#
#.[.....# ##.......# #...$...#
#.......# #.......# #.......#
#.......P #.......#


You could see a four-headed hydra.

Vanquished Creatures
  A hill giant (D:10)
  Pikel (D:7)
  A komodo dragon (Lair:1)
  Prince Ribbit (D:8)
  3 trolls
  A two-headed ogre (D:10)
  A spriggan (D:10)
  Eustachio (D:6)
  2 deep elf magi
  A hippogriff (D:10)
  2 water moccasins
  4 orc warriors
  A black bear (D:8)
  2 sky beasts
  A necrophage (D:10)
  5 ogres
  A yellow wasp (D:8)
  6 centaurs
  Sigmund (D:7)
  6 giant frogs
  A water moccasin skeleton (D:9)
  4 scorpions
  A wight (D:6)
  A troll skeleton (D:9)
  A goliath beetle (D:6)
  6 jellies
  3 orc priests
  6 hounds
  2 giant frog skeletons
  3 iguanas
  13 worker ants
  9 orc wizards
  A hound skeleton (D:5)
  4 green rats
  An orc skeleton (D:9)
  7 adders
  A giant mite (D:2)
  2 shadow imps
  3 worms
  An adder zombie (D:5)
  2 oozes
  3 giant geckos
  21 orcs
  10 bats
  2 bat skeletons
  6 giant cockroaches
  11 goblins
  12 hobgoblins
  14 jackals
  4 quokkas
  2 ball pythons
  10 giant newts
  2 giant spores
  2 hobgoblin zombies
  16 kobolds
  A kobold skeleton (D:4)
  2 orc zombies
  13 rats
  A rat zombie (D:5)
  10 ballistomycetes
256 creatures vanquished.

Vanquished Creatures (others)
  2 slaves (D:7)
  A water moccasin (Lair:1)
  An orc wizard (D:10)
  18 orcs
  2 giant spores
  A kobold (D:8)
  2 rats
  A plant (D:10)
28 creatures vanquished.

Grand Total: 284 creatures vanquished

Notes
Turn   | Place    | Note
--------------------------------------------------------------
     0 | D:1      | Psiweapon, the Kobold Enchanter, began the quest for the Orb.
     0 | D:1      | Reached XP level 1. HP: 10/10 MP: 3/3
   452 | D:1      | Reached XP level 2. HP: 13/15 MP: 4/4
   668 | D:1      | Learned a level 2 spell: Ensorcelled Hibernation
  1082 | D:1      | Reached XP level 3. HP: 16/19 MP: 1/6
  1373 | D:1      | Reached skill level 5 in Stealth
  1807 | D:1      | Learned a level 3 spell: Confuse
  1983 | D:2      | Reached XP level 4. HP: 24/24 MP: 4/7
  2751 | D:3      | Reached XP level 5. HP: 24/28 MP: 1/9
  3773 | D:4      | Found a blossoming altar of Fedhas.
  3773 | D:4      | Found a sparkling altar of Nemelex Xobeh.
  3777 | D:4      | Reached skill level 5 in Hexes
  3777 | D:4      | Reached XP level 6. HP: 32/32 MP: 4/10
  4053 | D:4      | Reached skill level 5 in Short Blades
  4770 | D:4      | Found a shimmering altar of Xom.
  4770 | D:4      | Found a shadowy altar of Dithmenos.
  4772 | D:4      | Found a glowing silver altar of Zin.
  4775 | D:4      | Found a shattered altar of Ashenzari.
  4776 | D:4      | Found a deep blue altar of Sif Muna.
  4814 | D:4      | Reached XP level 7. HP: 36/36 MP: 8/12
  5272 | D:4      | Reached skill level 6 in Stealth
  5421 | D:4      | Learned a level 3 spell: Dazzling Spray
  5494 | D:5      | Entered Level 5 of the Dungeon
  5718 | D:5      | Reached skill level 5 in Dodging
  5718 | D:5      | Reached skill level 7 in Stealth
  5984 | D:5      | Reached skill level 1 in Fighting
  5984 | D:5      | Reached XP level 8. HP: 40/43 MP: 13/13
  6157 | D:5      | Reached skill level 8 in Stealth
  6597 | D:6      | Reached skill level 9 in Stealth
  6736 | D:6      | Identified a +0 rod of ignition (11/11) (You found it on level 5 of the Dungeon)
  6900 | D:6      | Found a sparkling altar of Nemelex Xobeh.
  6971 | D:6      | Reached skill level 5 in Fighting
  6971 | D:6      | Reached XP level 9. HP: 52/54 MP: 14/14
  7180 | D:6      | Reached skill level 10 in Stealth
  7284 | D:6      | Found an ancient bone altar of Kikubaaqudgha.
  7342 | D:6      | Found a burning altar of Makhleb.
  7366 | D:6      | Noticed Eustachio
  7383 | D:6      | Killed Eustachio
  7404 | D:6      | Found a basalt altar of Yredelemnul.
  7694 | D:6      | Found a glowing golden altar of the Shining One.
  7799 | D:7      | Noticed Pikel
  7962 | D:7      | Found a staircase to the Ecumenical Temple.
  7971 | Temple   | Entered the Ecumenical Temple
  7989 | Temple   | Became a worshipper of Elyvilon the Healer
  8043 | D:6      | Acquired Elyvilon's first power
  8548 | D:7      | Found Luihuxyu's Food Shop.
  8562 | D:7      | Killed Pikel
  8562 | D:7      | Reached skill level 5 in Spellcasting
  8804 | D:7      | Reached XP level 10. HP: 54/59 MP: 18/22
  8980 | D:7      | Noticed Sigmund
  8993 | D:7      | Killed Sigmund
  9780 | D:8      | Noticed Prince Ribbit
  9819 | D:8      | Killed Prince Ribbit
  9881 | D:8      | Reached skill level 5 in Invocations
 10034 | D:8      | Elyvilon protects you from harm!
 11320 | D:9      | Acquired Elyvilon's second power
 11963 | D:9      | Found Seleepn's Assorted Antiques.
 11968 | D:9      | Bought a lumpy pink potion for 29 gold pieces
 11968 | D:9      | Bought a fizzy purple potion for 29 gold pieces
 12132 | D:10     | Entered Level 10 of the Dungeon
 12147 | D:10     | Reached XP level 11. HP: 64/64 MP: 23/23
 12289 | D:10     | Got a distressingly furry leather armour
 12311 | D:9      | Identified the +1 leather armour "Pogefikk" {MR+ SInv} (You found it on level 10 of the Dungeon)
 12351 | D:10     | Found a staircase to the Orcish Mines.
 12587 | D:10     | Noticed a hill giant
 13228 | D:10     | Killed a hill giant
 13228 | D:10     | Reached skill level 10 in Short Blades
 13506 | D:10     | Reached skill level 1 in Ice Magic
 13568 | D:10     | Found a staircase to the Lair.
 13642 | Lair:1   | Entered Level 1 of the Lair of Beasts
 13877 | Lair:1   | Acquired Elyvilon's third power
 14034 | Lair:1   | Learned a level 3 spell: Ozocubu's Armour
 14173 | Lair:1   | Noticed a four-headed hydra
 14212 | Lair:1   | HP: 3/64 [four-headed hydra (7)]
 14212 | Lair:1   | Slain by a four-headed hydra

Action                   |  1- 3 |  4- 6 |  7- 9 | 10-12 || total
-------------------------+-------+-------+-------+-------++-------
Melee: Dagger            |   101 |    77 |   121 |     3 ||   302
       Falchion          |       |     2 |    83 |       ||    85
       Short sword       |       |       |    87 |   207 ||   294
       Rod               |       |       |       |     1 ||     1
 Fire: Hunting sling     |       |       |     4 |       ||     4
       Arbalest          |       |       |       |    46 ||    46
Throw: Stone             |    10 |     1 |       |     1 ||    12
 Cast: Corona            |     3 |       |       |     4 ||     7
       Ensorcelled Hiber |    15 |    36 |    50 |    39 ||   140
       Confuse           |       |     7 |    20 |    15 ||    42
       Dazzling Spray    |       |       |       |    22 ||    22
Invok: Lesser Healing    |       |       |     3 |   138 ||   141
       Lesser Self-Heali |       |       |     1 |     5 ||     6
       Divine Protection |       |       |       |     2 ||     2
       Purification      |       |       |       |     1 ||     1
       Greater Healing   |       |       |       |     1 ||     1
Evoke: Wand              |       |       |     3 |     8 ||    11
       Rod               |       |       |     2 |     9 ||    11
  Use: Scroll            |       |     2 |     7 |     9 ||    18
       Potion            |       |       |     1 |       ||     1
 Stab: Sleeping          |    16 |    34 |    53 |    31 ||   134
       Distracted        |     1 |       |     2 |       ||     3
       Confused          |       |     4 |     8 |     4 ||    16
       Invisible         |       |       |       |     3 ||     3
  Eat: Chunk             |    13 |    12 |    20 |    40 ||    85
       Royal jelly       |       |       |       |     1 ||     1
